 Dungeon Crawl Stone Soup version 0.26-a0-365-g11c2b627af (webtiles) character file.

Game seed: 1642177262602553207

(classic levelgen) 2985 EnegeticOcto the Frost Mage (level 9, -4/62 HPs)
             Began as a Ghoul Ice Elementalist on July 19, 2020.
             Was a Believer of Vehumet.
             Slain by a cyclops (27 damage)
             ... on level 8 of the Dungeon.
             The game lasted 00:20:42 (2664 turns).

EnegeticOcto the Frost Mage (GhIE)                  Turns: 2664, Time: 00:20:43

Health: -4/62      AC: 14    Str: 12    XL:     9   Next: 83%
Magic:  6/12       EV: 12    Int: 13    God:    Vehumet [**....]
Gold:   528        SH:  0    Dex:  9    Spells: 7/14 levels left

rFire    . . .     SeeInvis +   z - staff of energy
rCold    + . .     Faith    +   (no shield)
rNeg     + + +     Spirit   .   a - +0 robe
rPois    ∞         Reflect  .   B - +2 hat
rElec    .         Harm     .   (no cloak)
rCorr    .                      r - +2 pair of gloves (curse)
MR       .....                  (no boots)
Stlth    ++........             b - amulet of faith
HPRegen  0.00/turn              l - ring of see invisible
MPRegen  0.13/turn              E - ring of wizardry

@: icy armour, frozen ramparts
A: rotting body, claws 1, cold resistance 1, negative energy resistance 3,
inhibited regeneration, torment resistance, unbreathing
a: Renounce Religion


You were on level 8 of the Dungeon.
You worshipped Vehumet.
Vehumet was pleased with you.
You visited 2 branches of the dungeon, and saw 10 of its levels.

You collected 528 gold pieces.

Inventory:

Hand Weapons
 q - a +0 shortbow
 t - a +0 halberd
 y - a +0 flail of protection
Missiles
 d - 6 atropa-tipped darts
 m - 16 poisoned darts (quivered)
 s - 21 arrows
 F - a throwing net {!f}
Armour
 a - a +0 robe (worn)
 r - a cursed +2 pair of gloves (worn)
 B - a +2 hat (worn)
Magical Staves
 z - an uncursed staff of energy (weapon)
Jewellery
 b - an amulet of faith (around neck)
 l - a ring of see invisible (left hand)
 w - the ring of Xuppask {rN+ Str+2}
   (You found it on level 8 of the Dungeon)

   [ring of positive energy]

   It affects your strength (+2).
   It protects you from negative energy.
 E - a ring of wizardry (right hand)
Wands
 j - a wand of clouds (3)
 k - a wand of paralysis (9)
 x - a wand of acid (7) {@v1}
Scrolls
 g - a scroll of fear {!r}
 h - 4 scrolls of remove curse {@r2}
 A - 2 scrolls of teleportation {unknown}
 C - a scroll of immolation {unknown}
 D - a scroll of vulnerability {unknown}
Potions
 c - a potion of stabbing {unknown}
 e - a potion of degeneration {unknown}
 f - a potion of might {@q3 !q}
 i - a potion of heal wounds {@q2 !q}
 n - a potion of cancellation {unknown}
 o - a potion of invisibility
 p - 2 potions of haste {unknown}
 u - a potion of berserk rage {unknown}
 v - a potion of ambrosia {unknown}


   Skills:
 - Level 1.7 Dodging
 - Level 2.1 Stealth
 - Level 3.0 Spellcasting
 + Level 13.5 Ice Magic
 + Level 3.7 Evocations


You had 7 spell levels left.
You knew the following spells:

 Your Spells              Type           Power        Failure   Level
a - Freeze                Ice            ####         1%          1
b - Frozen Ramparts       Ice            #####.       1%          3
c - Ozocubu's Armour      Ice            #####...     1%          3

Your spell library contained the following spells:

 Spells                   Type           Power        Failure   Level
 Foxfire                  Conj/Fire      #...         9%          1
 Hailstorm                Conj/Ice       ###.....     6%          4
 Summon Ice Beast         Ice/Summ       ###.....     6%          4


Dungeon Overview and Level Annotations

Branches:
Dungeon (9/15)             Temple (1/1) D:7             Orc (0/2) D:9
   Lair: D:8-11

Altars:
Fedhas
Makhleb
Uskayaw
Vehumet
Yredelemnul

Shops:
D:6 !


Innate Abilities, Weirdness & Mutations

Your body is rotting away.
You thrive by killing the living.
You are immune to poison.
You have sharp fingernails.
Your flesh is cold resistant. (rC+)
You are immune to negative energy. (rN+++)
You do not regenerate when monsters are visible.
You are immune to unholy pain and torment.
You can survive without breathing.


Message History

The bullfrog is almost dead.
The wall freezes the bullfrog.
You kill the bullfrog!
Vehumet accepts your kill.
Vehumet offers you knowledge of Foxfire.
You feel your power returning.
The wall freezes the orc!
You kill the orc!
Vehumet accepts your kill.
An ufetubus comes into view.
The ufetubus shouts!
You see here a sky beast corpse.
The ufetubus resists.
The wall freezes the ufetubus.
The ufetubus closely misses you. The ufetubus hits you.
Things that are here:
a +0 dagger; a cursed +0 leather armour; a +0 short sword You miss the ufetubus.
The ufetubus is moderately wounded.
The ufetubus completely resists.
The wall freezes the ufetubus but do no damage.
The ufetubus hits you but does no damage.
The ufetubus closely misses you.
The ufetubus resists.
The wall freezes the ufetubus.
The ufetubus hits you.
The ufetubus hits you but does no damage.
You closely miss the ufetubus.
The ufetubus is severely wounded.
The frozen ramparts melt away.
The ufetubus hits you but does no damage.
The ufetubus barely misses you. The ufetubus closely misses you.
The ufetubus barely misses you.
You hit the ufetubus.
You kill the ufetubus!
Vehumet accepts your kill.
You see here a +0 hand axe.
Things that are here:
a +0 dagger; a cursed +0 leather armour; a +0 short sword You open the door.
There is an open door here.
Found a moonstone ring.
E - a moonstone ring You're wearing all the rings you can.
Remove which one? (? for menu, Esc to cancel) < or
l - a ring of see invisible > or
w - the ring of Xuppask {rN+ Str+2} You remove the ring of Xuppask {rN+ Str+2}.
E - a ring of wizardry (right hand)
Found a throwing net.
F - a throwing net {!f} An ogre comes into view.
It is wielding a +0 giant spiked club.
Casting: Freeze (safe; 1% risk of failure)
Confirm with . or Enter, or press ? or * to list all spells.
The walls around you are covered in ice.
The wall freezes the ogre!
The ogre hits you with a +0 giant spiked club!
Casting: Frozen Ramparts (safe; 1% risk of failure)
Confirm with . or Enter, or press ? or * to list all spells.
Aiming: Freeze (safe; 1% risk of failure)
Press: ? - help, Shift-Dir - straight line, f - ogre
Aim: an ogre, wielding a +0 giant spiked club (moderately wounded)
You freeze the ogre!
The ogre is severely wounded.
The wall freezes the ogre!
The ogre hits you with a +0 giant spiked club!
The wall freezes the ogre!
You kill the ogre!
Vehumet accepts your kill.
You feel your power returning.
Unknown command.
Things that are here:
a +0 giant spiked club; an ogre corpse You open the door.
A cyclops comes into view.
The frozen ramparts melt away.
The cyclops shouts!
You hear a shout!
The cyclops throws a large rock.
The large rock hits you!
An orc, an orc priest and an orc wizard come into view.
The orc wizard shouts!
The orc shouts!
Found a pair of gloves.
There is an open door here.
Casting: Freeze (safe; 1% risk of failure)
Confirm with . or Enter, or press ? or * to list all spells.
The walls around you are covered in ice.
The orc priest shouts!
Casting: Frozen Ramparts (safe; 1% risk of failure)
Confirm with . or Enter, or press ? or * to list all spells.
A film of ice covers your body!
The wall freezes the cyclops!
The cyclops hits you!
Evoke which item? (* to show all) (? for menu, Esc to quit)
Aiming: Corrosive Bolt
Press: ? - help, Shift-Dir - straight line, f - cyclops
Aim: a cyclops, quivering 4 large rocks (lightly wounded)
The bolt of acid hits the cyclops!
The cyclops is splashed with acid.
The acid corrodes the cyclops!
The cyclops is heavily wounded.
The wall freezes the orc!
You kill the orc!
Vehumet accepts your kill.
You feel better.
You feel your power returning.
The wall freezes the orc priest.
The orc priest closely misses you.
The wall freezes the cyclops.
The cyclops hits you!!
You die...

#........#.........#
###+######...##....#
#......##...##....#
+............#....#
#............#....# ###
#............#....# ..# ..
#......##....#....# ..#
..##......##....#....# ..#
..........@C....#....# ..# .
.........(#o[...#....#
..#.............#†o...#....#
..#.....##.....)##....#....#
..#.....##......##....#....#
..#..............#....#....#
..#.....##.......# ...#....#
.##.....##.......# ...#....#
.#...............# #....#


You could see a cyclops (corroded), an orc priest and an orc wizard.

Vanquished Creatures
  A two-headed ogre (D:9)
  4 orc warriors (D:9)
  3 sky beasts
  3 ogres
  An ice beast (D:8)
  A centaur (D:5)
  4 bullfrogs
  2 scorpions
  5 killer bees (D:9)
  A bullfrog zombie (D:6)
  A hound (D:7)
  2 jellies
  3 orc wizards (D:9)
  4 orc priests (D:9)
  2 iguanas
  4 worker ants
  A hound skeleton (D:9)
  A worker ant zombie (D:9)
  4 gnolls (D:6)
  8 adders
  An ufetubus (D:8)
  3 oozes
  An adder skeleton (D:4)
  2 worms
  3 leopard geckos
  16 orcs
  3 ball pythons
  2 giant cockroaches (D:2)
  5 goblins
  A hobgoblin (D:1)
  9 jackals
  2 bats
  4 frilled lizards
  A jackal zombie (D:8)
  2 kobolds
  A leopard gecko zombie (D:5)
  7 rats
118 creatures vanquished.

Notes
Turn   | Place    | Note
-------+----------+-------------------------------------------
     0 | D:1      | EnegeticOcto the Ghoul Ice Elementalist began the quest for
                  | the Orb.
     0 | D:1      | Reached XP level 1. HP: 14/14 MP: 2/2
    54 | D:1      | Reached skill level 2 in Spellcasting
    80 | D:1      | Reached XP level 2. HP: 20/20 MP: 2/4
   197 | D:2      | HP: 1/20 [worker ant (5)]
   198 | D:2      | Reached skill level 3 in Spellcasting
   198 | D:2      | Reached XP level 3. HP: 5/26 MP: 0/6
   203 | D:2      | Learned a level 3 spell: Frozen Ramparts
   267 | D:2      | Reached skill level 5 in Ice Magic
   318 | D:2      | Reached XP level 4. HP: 11/33 MP: 0/7
   391 | D:2      | Found a blossoming altar of Fedhas.
   487 | D:2      | Learned a level 3 spell: Ozocubu's Armour
   545 | D:3      | Reached skill level 6 in Ice Magic
   545 | D:3      | Reached XP level 5. HP: 22/38 MP: 0/8
   615 | D:4      | Noticed an ogre
   638 | D:4      | Killed an ogre
   638 | D:4      | Reached skill level 7 in Ice Magic
   638 | D:4      | Reached XP level 6. HP: 24/45 MP: 0/9
  1034 | D:5      | Entered Level 5 of the Dungeon
  1131 | D:5      | Noticed a phantom
  1201 | D:5      | Reached skill level 8 in Ice Magic
  1241 | D:5      | Reached XP level 7. HP: 50/50 MP: 5/10
  1394 | D:6      | Found Saah's Distillery.
  1546 | D:7      | Reached skill level 9 in Ice Magic
  1769 | D:7      | Found a staircase to the Ecumenical Temple.
  1778 | Temple   | Entered the Ecumenical Temple
  1797 | Temple   | Became a worshipper of Vehumet
  1917 | D:8      | Reached skill level 10 in Ice Magic
  1917 | D:8      | Reached XP level 8. HP: 57/57 MP: 11/11
  2053 | D:8      | Got a scintillating granite ring
  2054 | D:8      | Identified the ring of Xuppask {rN+ Str+2} (You found it on
                  | level 8 of the Dungeon)
  2174 | D:9      | Reached skill level 11 in Ice Magic
  2179 | D:9      | Noticed a two-headed ogre
  2221 | D:9      | Killed a two-headed ogre
  2221 | D:9      | Reached skill level 12 in Ice Magic
  2221 | D:9      | Reached XP level 9. HP: 46/62 MP: 6/12
  2311 | D:9      | Reached * piety under Vehumet
  2311 | D:9      | Offered knowledge of Magic Dart by Vehumet.
  2366 | D:9      | Reached skill level 1 in Evocations
  2386 | D:9      | Reached skill level 13 in Ice Magic
  2396 | D:9      | Reached skill level 2 in Evocations
  2438 | D:9      | Found a staircase to the Orcish Mines.
  2498 | D:9      | Reached skill level 3 in Evocations
  2540 | D:8      | Reached ** piety under Vehumet
  2540 | D:8      | Offered knowledge of Foxfire by Vehumet.
  2660 | D:8      | Noticed a cyclops
  2664 | D:8      | Slain by a cyclops

Illustrated notes

Levels and vault maps discovered:
D:1:      dpeg_arrival_lava_temple_mockup, layout_loops_ring
D:2:      layout_basic, lemuel_crystal_altar, minmay_misc_feat_room
D:3:      layout_loops_ring, minmay_misc_feat_nine_boxes
D:4:      layout_loops_cross
D:5:      layout_layer_cave
D:6:      layout_loops_corners, serial_shops, nicolae_shop_window_shopping
D:7:      layout_loops_cross, minmay_temple_entry_statues, minmay_statues_item
D:8:      layout_gridville
D:9:      layout_long_grid, david_orc_4
Temple:   minmay_crystal_snake_temple

Skill      XL: |  1  2  3  4  5  6  7  8  9 |
---------------+----------------------------+-----
Spellcasting   | 2 3 |  3.0
Ice Magic      | 5 6 7 8 10 12 13 | 13.5
Evocations     | 3 |  3.7
Dodging        | |  1.7
Stealth        | |  2.1

Action                   |  1- 3 |  4- 6 |  7- 9 || total
-------------------------+-------+-------+-------++-------
Melee: Unarmed           |    19 |    41 |       ||    60
       Halberd           |       |       |    32 ||    32
       Staff             |       |       |     3 ||     3
 Fire: Shortbow          |       |       |     1 ||     1
Throw: Dart              |       |       |     8 ||     8
 Cast: Freeze            |    27 |    31 |    26 ||    84
       Frozen Ramparts   |       |    13 |    26 ||    39
       Ozocubu's Armour  |       |       |     1 ||     1
Evoke: Wand              |       |       |     4 ||     4
  Use: Scroll            |       |     6 |     2 ||     8
 Stab: Sleeping          |     1 |       |     1 ||     2
       Paralysed         |       |       |     4 ||     4
Armor: Robe              |     1 |    15 |    19 ||    35
Dodge: Dodged            |    21 |    63 |    53 ||   137

Table legend: (Time is in decaauts)
 A = Elapsed time spent in this place.
 B = Non-inter-level travel time spent in this place.
 C = Inter-level travel time spent in this place.
 D = Time resting spent in this place.
 E = Time spent auto-exploring this place.
 F = Levels seen in this place.
 G = Mean time per level.
                   A        B        C        D        E       F      G
               +--------+--------+--------+--------+--------+-----+--------+
         Total |   2697 |   2654 |     43 |      0 |      0 |  10 |  269.7 |
       Dungeon |   2671 |   2628 |     43 |      0 |      0 |   9 |  296.8 |
        Temple |     26 |     26 |      0 |      0 |      0 |   1 |   26.0 |
               +--------+--------+--------+--------+--------+-----+--------+
